 Dungeon Crawl Stone Soup version 0.25.0-46-gbd7b0854d2 (console) character file.

Game seed: 12068951449513933189

18 Colgate the Vexing (level 2, -2/23 HPs)
             Began as a Gnoll Arcane Marksman on July 13, 2020.
             Slain by a hobgoblin
             ... wielding a +0 club
              (6 damage)
             ... on level 1 of the Dungeon.
             The game lasted 00:05:00 (304 turns).

Colgate the Vexing (Gnoll Arcane Marksman)           Turns: 304, Time: 00:05:00

Health: -2/23      AC:  2    Str: 12    XL:     2   Next: 66%
Magic:  5/5        EV: 14    Int: 15    God:
Gold:   28         SH:  0    Dex: 15    Spells: 5/6 levels left

rFire    . . .     SeeInvis .   g - +0 mace
rCold    . . .     Gourm    .   (no shield)
rNeg     . . .     Faith    .   e - +0 robe
rPois    .         Spirit   .   (no helmet)
rElec    .         Reflect  .   (no cloak)
rCorr    .         Harm     .   (no gloves)
MR       .....                  (no boots)
Stlth    ++........             (no amulet)
HPRegen  0.07/turn              (no ring)
MPRegen  0.09/turn              (no ring)

@: no status effects
A: distributed training, fangs 1, strong nose
a: no special abilities


You were on level 1 of the Dungeon.
You were not hungry.

You visited 1 branch of the dungeon, and saw 1 of its levels.

You collected 28 gold pieces.

Inventory:

Hand Weapons
 a - a +0 hand crossbow
 g - a +0 mace (weapon)
Missiles
 d - 54 bolts
Armour
 b - a +0 leather armour
 e - a +0 robe (worn)
Potions
 h - a potion of degeneration {unknown}
Comestibles
 c - 2 chunks of flesh
 f - 2 rations


   Skills:
 + Level 2.5 Fighting
 + Level 0.5 Short Blades
 + Level 0.5 Long Blades
 + Level 0.5 Axes
 + Level 0.5 Maces & Flails
 + Level 0.5 Polearms
 + Level 0.5 Staves
 + Level 0.5 Slings
 + Level 0.5 Bows
 + Level 4.5 Crossbows
 + Level 0.5 Throwing
 + Level 0.5 Armour
 + Level 4.5 Dodging
 + Level 0.5 Stealth
 + Level 0.5 Shields
 + Level 0.5 Unarmed Combat
 + Level 2.7 Spellcasting
 + Level 0.3 Conjurations
 + Level 5.3 Hexes
 + Level 0.3 Charms
 + Level 0.3 Summonings
 + Level 0.3 Necromancy
 + Level 0.3 Translocations
 + Level 0.3 Transmutations
 + Level 0.3 Fire Magic
 + Level 0.3 Ice Magic
 + Level 0.3 Air Magic
 + Level 0.3 Earth Magic
 + Level 0.3 Poison Magic
 + Level 0.6 Invocations
 + Level 0.5 Evocations


You had 5 spell levels left.
You knew the following spells:

 Your Spells              Type           Power        Failure   Level  Hunger
a - Corona                Hex            ###....      2%          1    #......

Your spell library contained the following spells:

 Spells                   Type           Power        Failure   Level  Hunger
 Slow                     Hex            ###.....     3%          2    ##.....
 Inner Flame              Hex/Fire       ##......     19%         3    ###....
 Portal Projectile        Hex/Tloc       ##....       19%         3    ###....
 Cause Fear               Hex            ###.......   22%         4    #####..
 Leda's Liquefaction      Hex/Erth       ##........   54%         4    #####..


Dungeon Overview and Level Annotations

Branches:
Dungeon (1/15)

Altars:


Innate Abilities, Weirdness & Mutations

Your experience applies equally to all skills.
You have very sharp teeth.
Your uncanny sense of smell can sniff out nearby items.


Message History

The rat twitches its whiskers.
The rat barely misses you.
You hit the rat.
You kill the rat!
The ball python barely misses you. The ball python grabs you.
The ball python constricts you.
You thump the ball python!
You kill the ball python!
The hobgoblin hits you with a +0 club.
You are too injured to fight recklessly!
You closely miss the hobgoblin. Your bite misses the hobgoblin.
The hobgoblin closely misses you.
You hit the hobgoblin.
The hobgoblin is moderately wounded.
The hobgoblin hits you with a +0 club.
You barely miss the hobgoblin.
The hobgoblin is moderately wounded.
The hobgoblin hits you with a +0 club.
You hit the hobgoblin but do no damage. The hobgoblin hits you with a +0 club.
* * * LOW HITPOINT WARNING * * *
The hobgoblin hits you with a +0 club.
You die...

##............#(#.#
##....##)....#.#.#
#.#...#.....#.#.#
###....[......#.#.#
###...###(#.....#.##.
#####....##
#.#...[.##∆##
##.......##
#........# #
........## .....#..#
.##......# .....##..
#.####.### ... ....
#.@.#
..$....###g###...
......S........#
................
#........##..##.
..##.##... ..# # #.
.#... ... # ..##..
..# ##. .#.#.. ...#


You could see a hobgoblin.

Vanquished Creatures
  2 ball pythons (D:1)
  A giant cockroach (D:1)
  3 goblins (D:1)
  2 hobgoblins (D:1)
  4 jackals (D:1)
  A kobold (D:1)
  2 rats (D:1)
15 creatures vanquished.

Notes
Turn   | Place    | Note
-------+----------+-------------------------------------------
     0 | D:1      | Colgate the Gnoll Arcane Marksman began the quest for the
                  | Orb.
     0 | D:1      | Reached XP level 1. HP: 17/17 MP: 4/4
    54 | D:1      | Reached XP level 2. HP: 23/23 MP: 5/5
   304 | D:1      | Slain by a hobgoblin

Illustrated notes

Levels and vault maps discovered:
D:1:      evilmike_arrival_rings, layout_rooms, minmay_misc_feat_square,
          minmay_stone_trees_small, minmay_tiny_reverse_x

Action                   || total
-------------------------++-------
Melee: Mace              ||    16
       Bite              ||     1
 Fire: Hand crossbow     ||    25
Armor: Robe              ||     4
Dodge: Dodged            ||    15
